 Dungeon Crawl Stone Soup version 0.28-a0-384-g9e0c098162 (webtiles) character file.

Game seed: 11298395312206697990

206 Sabo the Covered (level 5, -9/33 HPs)
             Began as a Gargoyle Fighter on Sept 2, 2021.
             Was a Believer of Nemelex Xobeh.
             Killed by divine providence
             ... invoked by an orc priest
              (14 damage)
             ... on level 3 of the Dungeon.
             The game lasted 00:11:01 (2503 turns).

Sabo the Covered (Gargoyle Fighter)                 Turns: 2503, Time: 00:11:05

Health: -9/33      AC: 14    Str: 21    XL:     5   Next: 84%
Magic:  5/5        EV:  9    Int:  8    God:    Nemelex Xobeh [**....]
Gold:   83         SH:  0    Dex:  9    Spells: 4/4 levels left

rFire   . . .      SeeInvis .   a - +0 war axe
rCold   . . .      Faith    .   c - +1 buckler
rNeg    + . .      Spirit   .   b - +0 scale mail
rPois   ∞          Reflect  .   (no helmet)
rElec   +          Harm     .   k - +2 cloak
rCorr   .          Rampage  .   (no gloves)
Will    .....                   (no boots)
Stlth   ..........              (no amulet)
HPRegen 0.11/turn               (no ring)
MPRegen 0.09/turn               (no ring)

@: confused, mighty
A: sickness immunity, AC +4, negative energy resistance 1, electricity
resistance, torment resistance 1, petrification resistance
a: Renounce Religion, Draw Escape, Draw Destruction, Draw Summoning


You were on level 3 of the Dungeon.
You worshipped Nemelex Xobeh.
Nemelex Xobeh was pleased with you.
You visited 1 branch of the dungeon, and saw 3 of its levels.

You collected 83 gold pieces.

Inventory:

Hand Weapons
 a - a +0 war axe (weapon)
Missiles
 l - 31 arrows
 q - 22 bolts
Armour
 b - a +0 scale mail (worn)
 c - a +1 buckler (worn)
 k - a +2 cloak (worn)
Scrolls
 e - a scroll of enchant armour
 h - a scroll of fear {unknown}
 i - a scroll of identify {unknown}
 p - a scroll of noise {unknown}
Potions
 d - 2 potions of might
 f - a potion of ambrosia {unknown}
 g - a potion of mutation {unknown}
 j - 2 potions of brilliance {unknown}
 m - a potion of curing {unknown}
 n - a potion of cancellation {unknown}
 o - a potion of haste {unknown}


   Skills:
 + Level 4.2 Fighting
 + Level 3.6 Axes
 + Level 4.4 Armour
 + Level 0.6 Dodging
 + Level 0.1 Stealth
 + Level 3.8 Shields


You had 4 spell levels left.
You didn't know any spells.
Your spell library was empty.

Dungeon Overview and Level Annotations

Branches:
Dungeon (3/15)

Altars:
Nemelex Xobeh


Innate Abilities, Weirdness & Mutations

You are immune to sickness and miasma.
Your stone body is resilient. (AC +4)
You are immune to poison.
You resist negative energy. (rN+)
You are resistant to electric shocks. (rElec)
You are resistant to unholy torment.
You are immune to petrification.


Message History

Your scale mail prevents you from hitting the orc wizard.
The orc wizard is heavily wounded.
The orc wizard gestures at you while chanting.
You are confused.
The orc closely misses you.
The orc wizard hits you but does no damage.
The orc priest calls upon Beogh to heal the orc wizard.
The orc wizard is healed somewhat.
Your scale mail prevents you from hitting the orc.
You barely miss the orc wizard.
The orc wizard hits you with a +0 dagger.
The orc hits you but does no damage.
The orc priest looks braver for a moment.
The orc wizard hits you but does no damage.
The orc closely misses you.
The orc priest hits you but does no damage.
The orc completely misses you.
The orc wizard points at you and mumbles some strange words.
You resist with some effort.
There is an open door, spattered with blood here.
Things that are here:
a +0 whip; a +0 scale mail; a +1 short sword of venom The orc priest miscasts a cantrip.
The orc hits you but does no damage.
The orc wizard hits you but does no damage.
You're too confused to move!
The orc priest invokes the aid of Beogh against you.
Beogh smites you!
* * * LOW HITPOINT WARNING * * *
The orc hits you with a +0 trident.
* * * LOW HITPOINT WARNING * * *
The orc wizard points at you and mumbles some strange words.
You resist with some effort.
You slice the orc!!
You kill the orc!
You miss the orc wizard.
The orc priest mumbles some strange prayers to Beogh against you.
Beogh smites you!
You die...
Your body disappears without a glow.

##+#.#.#
###......# # ##
#.+......#
#.##..#.#......#
#.....#.#......#
#.#...#.#......##
........#.o.....#
#.......##)###.#
.......).)@...##
...........o...#
.........#####.#
#........#####.#
#.........>....###
#........####....#
#..#.....# ##.#.#
#..[......
#.#.##########
#(............


You could see an orc priest and an orc wizard.

Vanquished Creatures
  A water moccasin (D:3)
  A gnoll (D:1)
  4 adders (D:2)
  A worm (D:2)
  3 dart slugs
  3 orcs (D:3)
  4 ball pythons
  A bat (D:2)
  5 endoplasms
  2 giant cockroaches
  5 goblins
  2 hobgoblins
  4 jackals
  A kobold (D:2)
  A quokka (D:1)
  2 frilled lizards
  2 rats (D:1)
42 creatures vanquished.

Vanquished Creatures (collateral kills)
  An orc (D:3)
1 creature vanquished.

Vanquished Creatures (others)
  2 fungi (D:1)
  2 plants (D:1)
4 creatures vanquished.

Grand Total: 47 creatures vanquished

Notes
Turn   | Place    | Note
-------+----------+-------------------------------------------
     0 | D:1      | Sabo the Gargoyle Fighter began the quest for the Orb.
     0 | D:1      | Reached XP level 1. HP: 14/14 MP: 1/1
   185 | D:1      | Reached XP level 2. HP: 19/19 MP: 2/2
   530 | D:1      | Found a faded altar of an unknown god.
   554 | D:1      | Became a worshipper of Nemelex Xobeh the Trickster
   554 | D:1      | Reached * piety under Nemelex Xobeh
   590 | D:1      | Reached XP level 3. HP: 24/24 MP: 3/3
  1512 | D:2      | Reached XP level 4. HP: 29/29 MP: 4/4
  1978 | D:2      | Received a gift from Nemelex Xobeh
  2111 | D:3      | Reached ** piety under Nemelex Xobeh
  2118 | D:3      | Noticed a water moccasin
  2136 | D:3      | Killed a water moccasin
  2137 | D:3      | Reached XP level 5. HP: 13/33 MP: 5/5
  2503 | D:3      | Killed from afar by an orc priest

Illustrated notes

Levels and vault maps discovered:
D:1:      scummos_arrival_gate, layout_loops_ring,
          shapermc_ecumenical_altar_ellora, chequers_serial_rivers_small_b
D:2:      layout_loops_ring, kennysheep_generic_room_10
D:3:      layout_basic, nicolae_ru_awakened_eye

Skill      XL: |  1  2  3  4 |
---------------+-------------+-----
Axes           | 2 3 |  3.6
Fighting       | 4 |  4.2
Armour         | 4 |  4.4
Dodging        | |  0.6
Stealth        | |  0.1
Shields        | |  3.8

Action                   |  1- 3 |  4- 6 || total
-------------------------+-------+-------++-------
Melee: War axe           |    86 |    65 ||   151
Invok: Draw Summoning    |       |     1 ||     1
  Use: Scroll            |       |     2 ||     2
       Potion            |       |     1 ||     1
Armor: Scale mail        |    42 |    49 ||    91
Dodge: Dodged            |    43 |    44 ||    87
Block: Buckler           |    14 |    16 ||    30

Table legend: (Time is in decaauts)
 A = Elapsed time spent in this place.
 B = Non-inter-level travel time spent in this place.
 C = Inter-level travel time spent in this place.
 D = Time resting spent in this place.
 E = Time spent auto-exploring this place.
 F = Levels seen in this place.
 G = Mean time per level.
                   A        B        C        D        E       F      G
               +--------+--------+--------+--------+--------+-----+--------+
         Total |   2562 |   2562 |      0 |    606 |      0 |   3 |  854.0 |
       Dungeon |   2562 |   2562 |      0 |    606 |      0 |   3 |  854.0 |
               +--------+--------+--------+--------+--------+-----+--------+

Top non-repeatable levels by time:
     D:1: 1225 daAuts
     D:2: 906 daAuts
     D:3: 430 daAuts
